 Dungeon Crawl Stone Soup version 0.32-a0-132-g2d33c3c (webtiles) character file.

Game seed: 7511462239967531154

6626 Dorkslayer the Ruffian (level 11, -3/75 HPs)
             Began as an Octopode Fighter on Feb 9, 2024.
             Was a Believer of Dithmenos.
             Shot with a bolt by a tengu warrior (12 damage)
             ... on level 10 of the Dungeon.
             The game lasted 00:29:00 (9150 turns).

Dorkslayer the Ruffian (Octopode Fighter)           Turns: 9150, Time: 00:29:01

Health: -3/75      AC:  7    Str: 19    XL:     11   Next: 2%
Magic:  0/11       EV: 14    Int: 12    God:    Dithmenos [**....]
Gold:   257        SH:  6    Dex: 11    Spells: 10/10 levels left

rFire   + . .        k - +4 hand axe (distort)
rCold   + + .        a - +1 buckler
rNeg    . . .        f - +2 hat
rPois   +            w - amulet of guardian spirit
rElec   +            j - ring of see invisible
rCorr   +            o - ring of flight
SInv    +            A - +4 ring of protection
Will    .....        C - ring of protection from cold
Stlth   +++++        (no ring)
HPRegen 0.32/turn    (no ring)
MPRegen 0.12/turn    (no ring)
                     (no ring)

%: guardian spirit
@: resistant, on berserk cooldown, flying, slowed, wreathed by umbra, studying
Fighting, very slow
A: almost no armour, amphibious, 8 rings, camouflage 1, gelatinous body 1,
(nimble swimmer 1), tentacles
a: Renounce Religion, Shadow Step


You were on level 10 of the Dungeon.
You worshipped Dithmenos.
Dithmenos was pleased with you.
You visited 2 branches of the dungeon, and saw 13 of its levels.

You collected 649 gold pieces.
You spent 392 gold pieces at shops.

Inventory:

Hand Weapons
 k - a +4 hand axe of distortion (weapon)
 l - a +4 war axe
Missiles
 s - 3 javelins (quivered)
 D - 6 boomerangs
 H - 6 throwing nets
Armour
 a - a +1 buckler (worn)
 f - a +2 hat (worn)
Jewellery
 h - a ring of fire
 j - a ring of see invisible (left tentacle)
 o - a ring of flight (right tentacle)
 w - an amulet of guardian spirit (around mantle)
 A - a +4 ring of protection (on tentacle)
 C - a ring of protection from cold (on tentacle)
Talismans
 x - a maw talisman
 z - the maw talisman of Leapfrog {rElec rF+ Will++ MP-9}
   (You found it on level 8 of the Dungeon)

   [maw talisman]

   rF+:       It protects you from fire.
   rElec:     It insulates you from electricity.
   Will++:    It greatly increases your willpower.
   MP-9:      It affects your magic capacity (-9).
 B - a storm talisman
 E - a beast talisman
Wands
 I - a wand of flame (21)
Scrolls
 b - 2 scrolls of blinking
 d - 3 scrolls of enchant armour
 g - 2 scrolls of fog
 n - 3 scrolls of fear
 q - 2 scrolls of silence
 t - a scroll of teleportation
 u - a scroll of amnesia
 F - a scroll of poison
Potions
 e - 2 potions of ambrosia
 i - a potion of mutation
 p - a potion of curing
 v - 2 potions of brilliance


   Skills:
 * Level 7.5 Fighting
 + Level 7.9 Axes
 + Level 0.8(4.9) Polearms
 + Level 1.3 Throwing
 + Level 6.4 Dodging
 + Level 5.5 Stealth
 + Level 5.7 Shields
 * Level 7.9 Unarmed Combat
 + Level 4.2 Evocations
 * Level 3.8 Shapeshifting


You had 10 spell levels left.
You didn't know any spells.
Your spell library contained the following spells:

 Spells                   Type           Power      Damage    Failure   Level
 Apportation              Tloc           0%         N/A       38%         1
 Foxfire                  Conj/Fire      0%         2x1d4     38%         1
 Necrotise                Necr           0%         1d4       38%         1
 Sting                    Conj/Alch      0%         1d3       38%         1
 Summon Small Mammal      Summ           0%         N/A       38%         1
 Call Imp                 Summ           0%         N/A       52%         2
 Lesser Beckoning         Tloc           0%         N/A       52%         2
 Sublimation of Blood     Necr           0%         N/A       52%         2
 Frozen Ramparts          Ice            0%         1d1       77%         3
 Fugue of the Fallen      Necr           0%         N/A       77%         3
 Gell's Gravitas          Tloc           0%         N/A       77%         3
 Ozocubu's Armour         Ice            0%         N/A       77%         3
 Teleport Other           Tloc           0%         N/A       77%         3
 Leda's Liquefaction      Alch/Erth      0%         N/A       99%         4
 Petrify                  Alch/Erth      0%         N/A       99%         4
 Irradiate                Conj/Alch      0%         3d11      100%        5
 Metabolic Englaciation   Hex/Ice        0%         N/A       100%        5
 Dispersal                Tloc           0%         N/A       100%        6
 Sculpt Simulacrum        Ice/Alch       0%         N/A       100%        6
 Summon Hydra             Summ           0%         N/A       100%        7
 Borgnjor's Revivificati  Necr           0%         N/A       100%        8


Dungeon Overview and Level Annotations

Branches:
Dungeon (12/15)            Temple (1/1) D:4
   Lair: D:8-11         Orc: D:9-12

Altars:
Ashenzari
Cheibriados
Dithmenos
Fedhas
Gozag
Hepliaklqana
Kikubaaqudgha
Makhleb
Nemelex Xobeh
Okawaru
Qazlal
Ru
Sif Muna
Trog
Uskayaw
Vehumet
Wu Jian
Xom
Yredelemnul
Zin
The Shining One

Shops:
D:3 *   D:9 :   D:10 ?   D:12 (


Innate Abilities, Weirdness & Mutations

You cannot wear most types of armour.
You are amphibious.
You can wear up to eight rings at the same time.
Your skin changes colour to match your surroundings (Stealth+).
Your rubbery body absorbs attacks. (AC +1, EV +1)
((You are camouflaged when in or above water. (Stealth+)))
You have tentacles for arms and can constrict up to eight enemies at once.


Message History

A red film seems to cover your vision as you go berserk!
You feel yourself moving faster!
You feel mighty! The tengu warrior misses you.
The tengu warrior closely misses you.
The tengu warrior claws you but does no damage.
The tengu warrior shoots a bolt.
The bolt closely misses you.
You feel a strong urge to attack something.
The tengu warrior hits you with a +0 long sword!
The tengu warrior closely misses you.
The tengu warrior claws you but does no damage.
The tengu warrior shoots a bolt.
The bolt hits you!
The tengu warrior hits you with a +0 long sword!
The tengu warrior pecks you.
* * * LOW HITPOINT WARNING * * *
The tengu warrior closely misses you.
The tengu warrior shoots a bolt.
The bolt hits you!!
* * * LOW HITPOINT WARNING * * *
You feel your anger nearly subside.
You bump into the rock wall.
You are no longer berserk.
You are exhausted.
You feel yourself slow down.
The tengu warrior shoots a bolt.
The bolt hits you!
* * * LOW HITPOINT WARNING * * *
Unknown command.
You hit the tengu warrior but do no damage.
Space warps around the tengu warrior.
The tengu warrior is lightly wounded.
You feel less invigorated.
You feel less confused. The tengu warrior slips past you!
The tengu warrior completely misses you.
The tengu warrior pecks you.
* * * LOW HITPOINT WARNING * * *
You block the tengu warrior's attack. The tengu warrior misses you.
You block the tengu warrior's attack. The tengu warrior closely misses you.
You slash the tengu warrior! Your grab misses the tengu warrior.
The tengu warrior is lightly wounded.
The tengu warrior blinks!
The tengu warrior shoots a bolt.
The bolt hits you!!
You die...

##########################
..........................
.....Q..##..........<.....
........##...##........##.
.......Q§@...##...........
############..........####
#........#.#..'
#........#.#..#
#######..#.#..# #..#.#..#
#..#.#..# #..#.#..#
#..#.+..#


You could see 2 tengu warriors.

Vanquished Creatures
  2 two-headed ogres
  The ghost of cinnamon the Conjurer, an amateur DECj of Sif Muna (D:4)
  4 yaks (D:8)
  Grum (D:8)
  Edmund (D:5)
  2 steam dragons
  Duvessa (D:5)
  4 ice beasts
  3 orc warriors
  A black bear (D:6)
  A wolf (D:8)
  5 centaurs
  An ogre (D:5)
  3 phantoms
  2 kobold brigands
  3 bullfrogs
  A gnoll sergeant (D:8)
  6 scorpions
  4 wights (D:7)
  Dowan (D:5)
  4 howler monkeys
  5 bombardier beetles
  7 hounds
  A jelly (D:5)
  2 orc priests
  3 gnoll boudas
  4 iguanas
  2 sleepcaps (D:6)
  7 orc wizards
  A scorpion simulacrum (D:4)
  33 gnolls
  5 adders
  3 hound simulacra (D:4)
  2 white imps
  A howler monkey simulacrum (D:4)
  2 dart slugs (D:3)
  5 ribbon worms
  21 orcs
  10 endoplasms
  5 giant cockroaches
  8 goblins
  5 hobgoblins
  8 jackals
  16 kobolds
  5 quokkas
  6 ball pythons
  3 bats
  3 frilled lizards
  A quokka simulacrum (D:4)
  6 rats
231 creatures vanquished.

Vanquished Creatures (others)
  A gnoll bouda (D:8)
1 creature vanquished.

Grand Total: 232 creatures vanquished

Notes
Turn   | Place    | Note
-------+----------+-------------------------------------------
     0 | D:1      | Dorkslayer the Octopode Fighter began the quest for the
                  | Orb.
     0 | D:1      | Reached XP level 1. HP: 16/16 MP: 1/1
    30 | D:1      | Found a faded altar of an unknown god.
   131 | D:1      | Reached XP level 2. HP: 21/21 MP: 2/2
   385 | D:1      | Reached XP level 3. HP: 20/26 MP: 3/3
  1124 | D:2      | Reached XP level 4. HP: 31/31 MP: 4/4
  1246 | D:2      | Reached skill level 1 in Stealth
  1698 | D:3      | Found Pizxu's Assorted Antiques.
  1822 | D:3      | Found a hide-covered altar of Uskayaw.
  2082 | D:3      | Reached XP level 5. HP: 20/36 MP: 5/5
  2480 | D:3      | Bought a scroll labelled JUGAUNO KAGUOS for 28 gold pieces
  2480 | D:3      | Bought a scroll labelled OPOIHARPHOL for 28 gold pieces
  2480 | D:3      | Bought a scroll labelled FIRHIHIYCA for 28 gold pieces
  2480 | D:3      | Bought a scroll labelled WIAMIM GEPEPN for 28 gold pieces
  2480 | D:3      | Bought a scroll labelled OPOIHARPHOL for 28 gold pieces
  2480 | D:3      | Bought a scroll labelled FYARUXYNEN for 28 gold pieces
  2492 | D:4      | Found a staircase to the Ecumenical Temple.
  2501 | Temple   | Entered the Ecumenical Temple
  2559 | D:4      | Reached XP level 6. HP: 12/42 MP: 6/6
  2564 | D:4      | Reached skill level 5 in Unarmed Combat
  2747 | D:4      | Found a runed translucent gate.
  2747 | D:4      | Found a runed translucent gate.
  2747 | D:4      | Found a runed translucent gate.
  2832 | D:4      | Noticed an ice beast
  2832 | D:4      | Noticed cinnamon's ghost (amateur DECj)
  3175 | D:5      | Entered Level 5 of the Dungeon
  3233 | D:5      | Reached XP level 7. HP: 31/46 MP: 7/7
  3330 | D:5      | Noticed Duvessa
  3333 | D:5      | Noticed Dowan
  3340 | D:5      | Killed Duvessa
  3341 | D:5      | Reached skill level 1 in Axes
  3341 | D:5      | Killed Dowan
  3620 | D:5      | Noticed Edmund
  3649 | D:5      | Killed Edmund
  3650 | D:5      | Reached XP level 8. HP: 40/54 MP: 8/8
  4037 | D:5      | Found a blossoming altar of Fedhas.
  4038 | D:5      | Found a glowing golden altar of the Shining One.
  4063 | D:5      | Found a radiant altar of Vehumet.
  4075 | D:5      | Found a snail-covered altar of Cheibriados.
  4322 | D:3      | Bought a runed glass wand for 112 gold pieces
  4521 | D:4      | Reached skill level 1 in Evocations
  4531 | D:4      | Killed cinnamon's ghost
  4532 | D:4      | Reached skill level 1 in Throwing
  4532 | D:4      | Reached XP level 9. HP: 37/59 MP: 9/9
  4870 | D:6      | Reached skill level 5 in Axes
  4870 | D:6      | Reached skill level 5 in Dodging
  4870 | D:6      | Reached skill level 1 in Shapeshifting
  4894 | D:6      | Reached skill level 5 in Fighting
  5041 | D:6      | Found a shadowy altar of Dithmenos.
  5047 | D:6      | Became a worshipper of Dithmenos the Shadowed
  5547 | D:3      | Bought a scroll of identify for 56 gold pieces
  5812 | D:7      | Reached skill level 5 in Shields
  6338 | D:8      | Reached XP level 10. HP: 14/66 MP: 2/10
  6341 | D:8      | Reached skill level 5 in Stealth
  6860 | D:8      | Reached * piety under Dithmenos
  7056 | D:8      | Noticed Grum
  7060 | D:8      | Killed Grum
  7062 | D:8      | Noticed a two-headed ogre
  7076 | D:8      | Killed a two-headed ogre
  7413 | D:8      | Identified the maw talisman of Leapfrog {rElec rF+ Will++
                  | MP-9}
  7517 | D:8      | Identified the +0 cloak "Irodifim" {rF++ MP-9}
  7522 | D:8      | Got the Handbook of the Ghoulish Pyromaniac
  7792 | D:9      | Noticed a two-headed ogre
  7798 | D:9      | Killed a two-headed ogre
  7798 | D:9      | Reached ** piety under Dithmenos
  7894 | D:9      | You are sucked into a shaft and drop 3 floors!
  7924 | D:12     | Found Pecwinui's Antique Weapon Emporium.
  7930 | D:11     | Noticed a kobold demonologist
  7939 | D:10     | Entered Level 10 of the Dungeon
  8343 | D:9      | Found Zodgh's Tremendous Tomes.
  8686 | D:9      | Found a sparkling altar of Nemelex Xobeh.
  8788 | D:10     | Reached XP level 11. HP: 75/75 MP: 11/11
  8876 | D:10     | Found Moneit's Magic Scroll Emporium.
  8881 | D:10     | Bought a scroll of identify for 28 gold pieces
  8881 | D:10     | Bought a scroll of identify for 28 gold pieces
  9127 | D:10     | Noticed a tengu warrior
  9128 | D:10     | Noticed a tengu warrior
  9150 | D:10     | Shot with a bolt by a tengu warrior

Illustrated notes

Levels and vault maps discovered:
D:1:      scummos_arrival_forest, layout_rooms,
          shapermc_ecumenical_altar_mp_highgroup, st_stairs_13,
          amethyst_killhole, solitary_fountain
D:2:      layout_basic
D:3:      layout_loops_ring, amcnicky_altar_gilded, serial_shops, shop,
          grunt_ministairs_7, kennysheep_generic_room_9
D:4:      layout_basic, minmay_temple_entry_offerings, gammafunk_ghost_icy,
          corexii_shack
D:5:      layout_rooms, minitemple, uniq_edmund, uniq_duvessa
D:6:      layout_loops_ring, nicolae_dithmenos_through_a_glass_darkly
D:7:      layout_loops_ring
D:8:      layout_cave_pools, serial_gnoll_camp, gnoll_camp_mini_house,
          gnoll_camp_mini_hut, grums_kennel, gnoll_camp_mini_loothouse,
          gnoll_camp_medium_01, minmay_manual_mandibuliform
D:9:      layout_basic, kennysheep_mini_moat, nicolae_shop_i_like_big_books
D:10:     layout_stronghold, kennysheep_mini, serial_shops,
          nicolae_shop_scrapyard, shop, kennysheep_little_box, shop,
          nicolae_shop_hallway_plus, kennysheep_path_1
D:11:     layout_long_grid, lair_entry_dummy,
          kennysheep_orc_monster_closet_entryway,
          nicolae_trove_entry_path_of_doom, uniq_amaemon
D:12:     layout_cave_pods, serial_shops, nicolae_shop_tiny_waterfront, shop,
          shop, shop_statue, cheibriados_altar_1
Temple:   nicolae_temple_great_sept

Skill      XL: |  1  2  3  4  5  6  7  8  9 10 |
---------------+-------------------------------+-----
Unarmed Combat | 3 4 5 6 7 |  7.9
Stealth        | 1 2 3 4 5 |  5.5
Dodging        | 4 5 6 |  6.4
Axes           | 2 4 6 7 |  7.9
Fighting       | 4 5 7 |  7.5
Shields        | 4 5 |  5.7
Evocations     | 1 3 4 |  4.2
Throwing       | 1 |  1.3
Shapeshifting  | 2 3 |  3.8
Polearms       | |  0.8

Action                     |  1- 3 |  4- 6 |  7- 9 | 10-12 || total
---------------------------+-------+-------+-------+-------++-------
  Melee: Unarmed           |    97 |   109 |       |       ||   206
         Constrict         |    26 |    30 |    34 |    31 ||   121
         Tentacles         |    21 |    27 |    45 |    26 ||   119
         Punch             |     7 |     7 |    15 |    10 ||    39
         War axe           |       |     6 |   203 |    57 ||   266
         Hand axe          |       |       |       |    73 ||    73
  Throw: Dart              |       |     3 |     7 |     2 ||    12
         Javelin           |       |       |       |     8 ||     8
  Evoke: Wand              |       |       |       |     9 ||     9
    Use: Scroll            |     1 |    12 |     8 |     8 ||    29
         Potion            |       |     1 |     7 |     5 ||    13
   Stab: Sleeping          |     5 |    10 |     9 |     5 ||    29
 Armour: Skin              |    36 |    34 |   101 |    93 ||   264
  Dodge: Dodged            |    53 |    43 |   110 |    99 ||   305
  Block: Buckler           |    17 |    18 |    56 |    41 ||   132

Table legend: (Time is in decaauts)
 A = Elapsed time spent in this place.
 B = Non-inter-level travel time spent in this place.
 C = Inter-level travel time spent in this place.
 D = Time resting spent in this place.
 E = Time spent auto-exploring this place.
 F = Levels seen in this place.
 G = Mean time per level.
                   A        B        C        D        E       F      G
               +--------+--------+--------+--------+--------+-----+--------+
         Total |   9191 |   8969 |    222 |    853 |   4401 |  13 |  707.0 |
       Dungeon |   9164 |   8942 |    222 |    853 |   4401 |  12 |  763.7 |
        Temple |     26 |     26 |      0 |      0 |      0 |   1 |   26.0 |
               +--------+--------+--------+--------+--------+-----+--------+

Top non-repeatable levels by time:
     D:8: 1508 daAuts
     D:5: 1172 daAuts
     D:4: 1029 daAuts
     D:3: 1004 daAuts
     D:2: 855 daAuts
     D:6: 805 daAuts
     D:1: 743 daAuts
    D:10: 731 daAuts
     D:7: 652 daAuts
     D:9: 594 daAuts
    D:12: 35 daAuts
    D:11: 30 daAuts
  Temple: 26 daAuts
